Map: Dreamcatcher LE

Players

Bunny

  • Race: Terran Terran
  • League: Diamond
  • Spawn Location: 5:00

Bly - Winner!

  • Race: Zerg Zerg
  • League: Master
  • Spawn Location: 11:00

Event: HomeStory Cup XVIII

VOD

Have the link to the VOD?

Description

Time

  • Played on: Nov. 23, 2018, 10:31 a.m.
  • Length: 3:52

All games in this series

Show
View Real Time Build Order
Export as new Build Order

Bunny Terran 

Build Orders: Reaper Expand 

Get SALT Encoding   

  12  0:00  SCV  
  13  0:13  SCV  
  14  0:17  Supply Depot  
  14  0:25  SCV  
  15  0:38  SCV  
  15  0:40  Barracks  
  16  0:44  Refinery  
  16  0:50  SCV  
  17  1:03  SCV  
  18  1:15  SCV  
  19  1:28  Reaper, Orbital Command  
  20  1:41  Command Center  
  20  1:53  SCV  
  21  1:55  Supply Depot  
  21  1:59  Marine  
  22  2:07  Factory  
  22  2:09  SCV  
  23  2:17  Bunker  
  23  2:21  Barracks Reactor  
  23  2:23  SCV  
  24  2:32  Refinery  
  24  2:35  SCV  
  25  2:44  Bunker  
  25  2:47  SCV  
  26  2:51  Factory Tech Lab  
  26  2:53  Orbital Command  
  26  2:58  Marine x2  
  26  3:12  Cyclone  
  26  3:15  Marine  
  28  3:20  Marine  
Show
View Real Time Build Order
Export as new Build Order

Bly Zerg - Winner!

Build Orders: Hatch First 

Get SALT Encoding   

  12  0:01  Drone  
  13  0:31  Hatchery  
  12  0:48  Spawning Pool  
  11  0:53  Drone  
  12  0:57  Drone  
  12  1:01  Drone  
  14  1:11  Extractor, Drone  
  14  1:16  Extractor, Drone  
  14  1:24  Overlord  
  14  1:36  Roach Warren  
  13  1:41  Drone  
  14  1:50  Drone  
  15  2:16  Roach x3  
  21  2:27  Roach  
  23  2:34  Overlord  
  24  2:37  Ravager  
  24  2:38  Ravager  
  25  2:47  Roach  
  28  2:51  Ravager  
  28  3:11  Roach x2  
  32  3:18  Roach  
  34  3:32  Overlord  
Tags
 
Add a new tag
Caveats
  • Supply blocks, unpowered buildings, or Contaminate may cause inaccurate times.
  • Supply counts are checked every 10 seconds.